 Dungeon Crawl Stone Soup version 0.28.0-53-g5a82cb258f (webtiles) character file.

Game seed: 16079125883290062367

81 MalarOregon the Cudgeller (level 4, 0/35 HPs)
             Began as a Palentonga Warper on June 15, 2022.
             Succumbed to a gnoll's poison
             ... on level 2 of the Dungeon.
             The game lasted 00:04:40 (2452 turns).

MalarOregon the Cudgeller (Palentonga Warper)       Turns: 2452, Time: 00:04:41

Health: 0/35       AC:  5    Str: 16    XL:     4   Next: 19%
Magic:  7/7        EV:  9    Int: 13    God:
Gold:   73         SH:  0    Dex: 10    Spells: 7/7 levels left

rFire   . . .      SeeInvis +   a - +0 mace
rCold   . . .      Faith    .   (no shield)
rNeg    . . .      Spirit   .   b - +0 leather armour
rPois   .          Reflect  .   (no helmet)
rElec   .          Harm     .   (no cloak)
rCorr   .          Rampage  .   j - +0 pair of gloves
Will    .....                   (no barding)
Stlth   +.........              (no amulet)
HPRegen 0.11/turn               (no ring)
MPRegen 0.10/turn               (no ring)

@: brilliant, lethally poisoned (0 -> -1)
A: large, rugged brown scales 3, see invisible, deformed body, roll 1, armoured
tail
a: Rolling Charge


You were on level 2 of the Dungeon.
You visited 1 branch of the dungeon, and saw 2 of its levels.

You collected 73 gold pieces.


Innate Abilities, Weirdness & Mutations

You are completely covered in rugged brown scales. (AC +3, +7% HP)
You have supernaturally acute eyesight. (SInv)
Armour fits poorly on your strangely shaped body.
You can roll at nearby foes to attack.
You have a long armoured tail.


   Skills:
 - Level 2.0 Fighting
 + Level 4.5 Maces & Flails
 - Level 0.6 Throwing
 - Level 0.7 Armour
 - Level 1.5 Dodging
 - Level 2.0 Spellcasting
 - Level 3.0 Translocations


You had 7 spell levels left.
You didn't know any spells.
Your spell library contained the following spells:

 Spells                   Type           Power      Damage    Failure   Level
 Blink                    Tloc           26%        N/A       14%         2
 Gell's Gravitas          Tloc           13%        N/A       26%         3
 Lesser Beckoning         Tloc           13%        N/A       26%         3
 Teleport Other           Tloc           13%        N/A       26%         3
 Manifold Assault         Tloc           13%        N/A       94%         5

Inventory:

Hand Weapons
 a - a +0 mace (weapon)
Missiles
 d - 5 boomerangs of dispersal (quivered) {!f}
 e - 2 boomerangs
Armour
 b - a +0 leather armour (worn)
 j - a +0 pair of gloves (worn)
   (You found it on level 1 of the Dungeon)
Scrolls
 c - a scroll of blinking
 g - a scroll of amnesia {unknown}
 h - a scroll of enchant weapon {unknown}
 i - 4 scrolls of identify {unknown}

Dungeon Overview and Level Annotations

Branches:
Dungeon (2/15)

Altars:

#.g.......##.######.#
#####..[.###.##.# #.#
#........# #.##.# ###
#........# #.##.#
######........###.##.####
#..............##.......#
####.####......#..##.......#
.....# ##....###..##.......#
########.....# #@..#.......#
..g....#.###.# #.#.#.......#
######.#...#.# #.#...##.####
#### #.###.#.# #.##..##.#
...# #.# #.#.# #........#
...# #.# #.#.# ####..####
.).# #g# #.#.# ##.# .).###(#
#.#.#######g# .g.....#
#.#.#...g..>#


There were no monsters in sight!


Message History

The adder bites you but does no damage.
You barely miss the adder.
Your tail-slap misses the adder.
The adder bites you but does no damage. x2
You hit the adder. The adder bites you but does no damage.
You sock the adder!
You kill the adder!
You have reached level 4!
You feel agile.
Found a stone staircase leading down.
There is an open door here.
A frilled lizard comes into view.
The frilled lizard hisses angrily.
You hit the frilled lizard.
You kill the frilled lizard!
No target in view!
A goblin comes into view. It is wielding a +0 dagger.
The goblin shouts!
You sock the goblin!
You kill the goblin!
No target in view!
A bat comes into view.
A bat is nearby!
Found a pair of gloves.
The bat hits you but does no damage. The bat hits you but does no damage. x2
You miss the bat.
Your tail-slap misses the bat.
The bat hits you but does no damage. x2
The gnoll shouts!
You sock the bat!
You kill the bat!
You hear a shout!
You see here a bat corpse.
Roll where?
Press: ? - help, Dir - move target, f - gnoll
Aim: a gnoll, wielding a +0 halberd You roll forward with a clatter of scales!
You completely miss the gnoll. You tail-slap the gnoll!
Your punch misses the gnoll.
You hear a shout! x5
The gnoll hits you with a +0 halberd! The gnoll barely misses you.
You see here a bat corpse.
The gnoll closely misses you.
There is a stone staircase leading up here.
The gnoll barely misses you.
You climb upwards.
There is a stone staircase leading down here.
You start resting.
There is a stone staircase leading down here.
There is a stone staircase leading down here.
You climb downwards.
There is a stone staircase leading up, spattered with blood here.
There's nothing to open nearby.
There's nothing to open nearby.
No target in view!
Things that are here:
a +0 club; a +0 spear You hit the worm but do no damage.
The worm barely misses you.
You hit the worm. The worm bites you.
You hit the worm but do no damage. You hit the worm. The worm bites you.
You hit the worm. The worm closely misses you.
You hit the worm. You tail-slap the worm!
A gnoll comes into view.
It is wielding a +0 whip and quivering poisoned darts.
The worm bites you but does no damage.
You barely miss the worm. You tail-slap the worm.
You kill the worm!
The gnoll throws a poisoned dart.
The poisoned dart misses you.
The gnoll throws a poisoned dart.
The poisoned dart hits you.
You are poisoned.
You feel sick.
You feel sick.
The gnoll throws a poisoned dart.
The poisoned dart hits you!
You are more poisoned.
You feel sick.
You feel sick.
You feel sick.
The gnoll throws a poisoned dart.
The poisoned dart hits you!
You are lethally poisoned!
* * * LOW HITPOINT WARNING * * *
You feel very sick.
Okay, then.
It was a potion of brilliance.
You feel clever all of a sudden.
* * * LOW HITPOINT WARNING * * *
You feel very sick.
It was a potion of magic.
Magic courses through your body.
* * * LOW HITPOINT WARNING * * *
You feel sick.
* * * LOW HITPOINT WARNING * * *
You feel sick.
* * * LOW HITPOINT WARNING * * *
You feel sick.
* * * LOW HITPOINT WARNING * * *
You feel sick.
The gnoll throws a poisoned dart.
The poisoned dart closely misses you.
* * * LOW HITPOINT WARNING * * *
You feel sick.
* * * LOW HITPOINT WARNING * * *
You feel sick.
* * * LOW HITPOINT WARNING * * *
You feel sick.
You die...

Skill      XL: |  1  2  3 |
---------------+----------+-----
Maces & Flails | 3 4 |  4.5
Fighting       | |  2.0
Throwing       | |  0.6
Armour         | |  0.7
Dodging        | |  1.5
Spellcasting   | |  2.0
Translocations | |  3.0

Action                   |  1- 3 |  4- 6 || total
-------------------------+-------+-------++-------
Melee: Mace              |   139 |    12 ||   151
       Tailslap          |    20 |     3 ||    23
       Punch             |     3 |       ||     3
 Abil: Rolling Charge    |    12 |     1 ||    13
  Use: Potion            |       |     2 ||     2
Armor: Leather armour    |    67 |     6 ||    73
Dodge: Dodged            |    93 |     7 ||   100

Levels and vault maps discovered:
D:1:      wander_arrival_peaceful_grave, layout_rooms,
          shapermc_ecumenical_altar_starsandcircs, nicolae_wormholes
D:2:      layout_basic

Notes
Turn   | Place    | Note
-------+----------+-------------------------------------------
     0 | D:1      | MalarOregon the Palentonga Warper began the quest for the
                  | Orb.
     0 | D:1      | Reached XP level 1. HP: 17/17 MP: 3/3
   232 | D:1      | Reached XP level 2. HP: 23/23 MP: 5/5
   251 | D:1      | Reached skill level 3 in Maces & Flails
   620 | D:1      | Found a faded altar of an unknown god.
   777 | D:1      | Reached XP level 3. HP: 28/28 MP: 6/6
  1142 | D:2      | Reached skill level 4 in Maces & Flails
  2178 | D:2      | Reached XP level 4. HP: 35/35 MP: 7/7
  2445 | D:2      | HP: 8/35 [poisoned by a gnoll]
  2448 | D:2      | HP: 3/35 [poisoned by a gnoll]
  2451 | D:2      | HP: 1/35 [poisoned by a gnoll]
  2452 | D:2      | Succumbed to a gnoll's poison

Vanquished Creatures
  A gnoll (D:2)
  An adder (D:2)
  2 worms
  3 endoplasms
  2 giant cockroaches (D:2)
  8 goblins
  6 hobgoblins
  4 jackals
  A quokka (D:1)
  5 ball pythons
  7 bats
  3 frilled lizards
  2 kobolds
  10 rats
55 creatures vanquished.

Table legend:
 A = Non-vault XP
 B = Vault XP
 C = Vault XP percentage of total XP
 D = Non-vault monster count
 E = Vault monster count
 F = Vault count percentage of total count
                 A         B        C        D         E       F
            +---------+---------+-------+---------+---------+-------
      Total |     106 |      10 |   8.6 |      53 |       2 |   3.6
            +---------+---------+-------+---------+---------+-------
        D:1 |      40 |       5 |  11.1 |      27 |       1 |   3.6
        D:2 |      66 |       5 |   7.0 |      26 |       1 |   3.7
            +---------+---------+-------+---------+---------+-------

Illustrated notes

Table legend:
 A = Kills in this place as a percentage of kills in entire the game.
 B = Kills by you in this place as a percentage of kills by you in the entire game.
 C = Kills by friends in this place as a percentage of kills by friends in the entire game.
 D = Other kills in this place as a percentage of other kills in the entire game.
 E = Experience gained in this place as a percentage of experience gained in the entire game.
 F = Experience gained in this place divided by the number of levels of this place that you have seen.
                   A       B       C       D       E      F
               +-------+-------+-------+-------+-------+----------------------
         Total | 100.0 | 100.0 |   N/A |   N/A | 100.0 |  58.0
       Dungeon | 100.0 | 100.0 |   N/A |   N/A | 100.0 |  58.0
               +-------+-------+-------+-------+-------+----------------------

Table legend: (Time is in decaauts)
 A = Elapsed time spent in this place.
 B = Non-inter-level travel time spent in this place.
 C = Inter-level travel time spent in this place.
 D = Time resting spent in this place.
 E = Time spent auto-exploring this place.
 F = Levels seen in this place.
 G = Mean time per level.
                   A        B        C        D        E       F      G
               +--------+--------+--------+--------+--------+-----+--------+
         Total |   2498 |   2411 |     87 |    931 |    878 |   2 | 1249.0 |
       Dungeon |   2498 |   2411 |     87 |    931 |    878 |   2 | 1249.0 |
               +--------+--------+--------+--------+--------+-----+--------+

Top non-repeatable levels by time:
     D:1: 1592 daAuts
     D:2: 905 daAuts
